 Dungeon Crawl Stone Soup version 0.23-a0-619-g281719c (webtiles) character file.

169 tilp the Chiller (level 5, -6/37 HPs)
             Began as a Merfolk Ice Elementalist on Dec 22, 2018.
             Mangled by a gnoll
             ... wielding a +0 halberd
              (10 damage)
             ... on level 3 of the Dungeon.
             The game lasted 00:07:39 (2932 turns).

tilp the Chiller (Merfolk Ice Elementalist)         Turns: 2932, Time: 00:07:39

Health: -6/37      AC:  4    Str:  8    XL:     5   Next: 50%
Magic:  1/8        EV:  7    Int: 16    God:
Gold:   182        SH:  0    Dex: 14    Spells: 2/8 levels left

rFire    . . .     SeeInvis .   a - +1 hand axe (freeze)
rCold    . . .     Gourm    .   (no shield)
rNeg     . . .     Faith    .   v - +0 leather armour
rPois    .         Spirit   .   B - +0 helmet
rElec    .         Reflect  .   (no cloak)
rCorr    .         Harm     .   (no gloves)
MR       .....                  (no boots)
Stlth    ++........             (no amulet)
HPRegen  0.12/turn              (no ring)
MPRegen  0.11/turn              (no ring)

@: very slightly contaminated, held
A: change form in water, swift swim, stealthy swim
a: no special abilities


You were on level 3 of the Dungeon.
You were very hungry.

You visited 1 branch of the dungeon, and saw 3 of its levels.

You collected 182 gold pieces.

Inventory:

Hand Weapons
 a - a +1 hand axe of freezing (weapon)
 b - a +0 hunting sling
Missiles
 e - 202 stones (quivered)
 r - 12 sling bullets
 C - 3 tomahawks of dispersal
Armour
 v - a +0 leather armour (worn)
 B - a +0 helmet (worn)
Jewellery
 k - an uncursed ring of magical power {unknown}
 u - a +2 ring of evasion {unknown}
 D - an uncursed ring of wizardry {unknown}
Scrolls
 d - 2 scrolls of teleportation {unknown}
 h - a scroll of magic mapping {unknown}
 i - 2 scrolls of enchant weapon {unknown}
 j - a scroll of fog {unknown}
 m - a scroll of enchant armour {unknown}
 n - 3 scrolls of amnesia {unknown}
 p - 2 scrolls of identify {unknown}
 t - a scroll of fear {unknown}
 w - 2 scrolls of noise {unknown}
 x - a scroll of immolation {unknown}
 y - a scroll of remove curse {unknown}
Potions
 f - a potion of agility {unknown}
 g - 2 potions of curing {unknown}
 l - a potion of might {unknown}
 o - 2 potions of ambrosia {unknown}
 q - a potion of degeneration {unknown}
 s - 2 potions of lignification {unknown}
 z - a potion of heal wounds {unknown}
Comestibles
 c - 6 rations


   Skills:
 + Level 1.5 Fighting
 + Level 3.5 Dodging
 - Level 2.1 Stealth
 - Level 2.0 Spellcasting
 - Level 0.7 Conjurations
 - Level 6.0 Ice Magic


You had 2 spell levels left.
You knew the following spells:

 Your Spells              Type           Power        Failure   Level  Hunger
a - Freeze                Ice            ###.         2%          1    #......
b - Throw Frost           Conj/Ice       ##....       12%         2    ###....
c - Ozocubu's Armour      Chrm/Ice       ##......     26%         3    ###....

Your spell library contained the following spells:

 Spells                   Type           Power        Failure   Level  Hunger
 Throw Icicle             Conj/Ice       ##......     58%         4    #####..
 Summon Ice Beast         Ice/Summ       ##......     65%         4    #####..


Dungeon Overview and Level Annotations

Branches:
Dungeon (3/15)

Altars:
Dithmenos

Annotations:
D:3 exclusions: big kobold and sky beast


Message History

The gnoll barely misses you.
The gnoll hits you from afar with a +0 halberd!
* * * LOW HITPOINT WARNING * * *
Casting: Freeze (safe; 2% risk of failure)
Confirm with . or Enter, or press ? or * to list all spells.
Aiming: Freeze (safe; 2% risk of failure)
Press: ? - help, Shift-Dir - straight line, f/p - gnoll
Aim: a gnoll, wielding a +2 flail of protection (heavily wounded)
You freeze the gnoll.
You kill the gnoll!
Your icy armour cracks and falls away as you move.
The gnoll misses you.
The gnoll throws a throwing net.
The throwing net misses you.
The gnoll throws a throwing net.
The throwing net hits you.
You become entangled in the net!
You see here a throwing net.
You struggle against the net.
You tear a large gash into the net.
The gnoll hits you from afar with a +0 halberd!
You die...

.#####.#.#...#.#.###...#......#.#
$......#.......#...#.#.#.######.#
.....#.#.########..........#..#.#
..##.#.#.# ##.#).##.#.#..#.#
.........#########.#..#..........
....##.#.#.........#.....#.#<....
#.#...>..........................
..####.####[........##.....÷.÷<##
#g####.....@.......#..#.#÷÷.
######.##.+................#.#...
.......##.#...g..).....##..#.#.##
......g##.#....###.##...........#
..........#....# #[###..........#
..........g...####...###.....#..#
.............(# #..⌠)..#######...
..............###........########
.......#########.............###


You could see 2 gnolls.

Vanquished Creatures
  Robin (D:3)
  2 gnolls (D:3)
  7 adders
  A worm (D:2)
  A dart slug (D:1)
  2 leopard geckos
  An orc (D:3)
  A giant cockroach (D:3)
  15 goblins
  12 hobgoblins
  4 jackals (D:3)
  5 bats
  7 frilled lizards
  7 kobolds
  3 rats (D:1)
69 creatures vanquished.

Notes
Turn   | Place    | Note
-------+----------+-------------------------------------------
     0 | D:1      | tilp the Merfolk Ice Elementalist began the quest for the
                  | Orb.
     0 | D:1      | Reached XP level 1. HP: 13/13 MP: 3/3
   317 | D:1      | Reached XP level 2. HP: 14/19 MP: 5/5
   324 | D:1      | Learned a level 2 spell: Throw Frost
   477 | D:1      | Reached skill level 4 in Ice Magic
  1152 | D:2      | Reached XP level 3. HP: 21/24 MP: 6/6
  1157 | D:2      | Learned a level 3 spell: Ozocubu's Armour
  1419 | D:2      | Reached skill level 5 in Ice Magic
  1434 | D:2      | Reached XP level 4. HP: 6/30 MP: 0/7
  1817 | D:2      | Found a shadowy altar of Dithmenos.
  2391 | D:3      | Reached skill level 6 in Ice Magic
  2478 | D:3      | Reached XP level 5. HP: 36/36 MP: 5/8
  2549 | D:3      | Noticed Robin
  2565 | D:3      | Killed Robin
  2565 | D:3      | Reached skill level 1 in Fighting
  2712 | D:3      | Noticed a big kobold
  2730 | D:3      | Noticed a sky beast
  2932 | D:3      | Mangled by a gnoll

Vault maps used:
D:1:      wheals_arrival_linesprint
D:2:      grunt_dithmenos_smoke_and_mirrors
D:3:      minmay_skewed_foursquare, uniq_robin

Skill      XL: |  1  2  3  4  5 |
---------------+----------------+-----
Ice Magic      | 4 5 6 |  6.0
Dodging        | 3 |  3.5
Fighting       | 1 |  1.5
Stealth        | |  2.1
Spellcasting   | |  2.0
Conjurations   | |  0.7

Action                   |  1- 3 |  4- 6 || total
-------------------------+-------+-------++-------
Melee: Hand axe          |    56 |    82 ||   138
Throw: Stone             |     1 |     1 ||     2
 Cast: Freeze            |    16 |    16 ||    32
       Throw Frost       |     2 |     5 ||     7
       Ozocubu's Armour  |       |     2 ||     2
 Stab: Sleeping          |     2 |     1 ||     3
  Eat: Chunk             |     2 |     5 ||     7
Armor: Robe              |    11 |     1 ||    12
       Leather armour    |       |    21 ||    21
Dodge: Dodged            |    39 |    59 ||    98

Table legend:
 A = Non-vault XP
 B = Vault XP
 C = Vault XP percentage of total XP
 D = Non-vault monster count
 E = Vault monster count
 F = Vault count percentage of total count
                 A         B        C        D         E       F
            +---------+---------+-------+---------+---------+-------
      Total |     190 |      52 |  21.5 |      55 |      14 |  20.3
            +---------+---------+-------+---------+---------+-------
        D:1 |      29 |       0 |   0.0 |      17 |       0 |   0.0
        D:2 |      71 |       0 |   0.0 |      13 |       0 |   0.0
        D:3 |      90 |      52 |  36.6 |      25 |      14 |  35.9
            +---------+---------+-------+---------+---------+-------
